 Dungeon Crawl Stone Soup version 0.27.1-34-g3ba077fa99 (webtiles) character file.

Game seed: 9290087712767767808

2 cbfl8 the Sneak (level 1, -1/19 HPs)
             Began as a Minotaur Delver on Jan 16, 2022.
             Slain by a ball python (3 damage)
             ... on level 3 of the Dungeon.
             The game lasted 00:00:30 (82 turns).

cbfl8 the Sneak (Minotaur Delver)                     Turns: 82, Time: 00:00:30

Health: -1/19      AC:  3    Str: 16    XL:     1   Next: 33%
Magic:  0/0        EV: 11    Int:  7    God:
Gold:   11         SH:  0    Dex: 11    Spells: 0/0 levels left

rFire    . . .     SeeInvis .   a - +0 hand axe
rCold    . . .     Faith    .   (no shield)
rNeg     . . .     Spirit   .   b - +0 leather armour
rPois    .         Reflect  .   (helmet restricted)
rElec    .         Harm     .   (no cloak)
rCorr    .         Rampage  .   (no gloves)
Will     .....                  (no boots)
Stlth    ++........             (no amulet)
HPRegen  0.06/turn              (no ring)
MPRegen  0.07/turn              (no ring)

@: no status effects
A: horns 2, retaliatory headbutt
a: no special abilities


You were on level 3 of the Dungeon.
You visited 1 branch of the dungeon, and saw 3 of its levels.

You collected 11 gold pieces.

Inventory:

Hand Weapons
 a - a +0 hand axe (weapon)
Armour
 b - a +0 leather armour (worn)
Wands
 g - a wand of digging (3)
Scrolls
 c - a scroll of fog
 d - a scroll of magic mapping
 e - a scroll of fear
Potions
 f - a potion of haste


   Skills:
 + Level 3.6 Fighting
 + Level 2.4 Axes
 + Level 2.1 Dodging
 + Level 4.2 Stealth


You couldn't memorise any spells.
You didn't know any spells.
Your spell library was empty.

Dungeon Overview and Level Annotations

Branches:
Dungeon (5/15)
 Temple: D:4-7

Altars:


Innate Abilities, Weirdness & Mutations

You have a pair of horns on your head.
You reflexively headbutt those who attack you in melee.


Message History

A mysterious force pulls you upwards. The hatch slams shut behind you.
The goblin shouts!
The ball python hisses angrily.
The kobold shouts!
The hobgoblin shouts!
The ogre shouts!
Found a leather armour, 27 stones and a scale mail.
Found a stone staircase leading up.
Found a leather armour.
An endoplasm comes into view.
The kobold hits you but does no damage. The adder skeleton bites you.
The adder skeleton bites you. The kobold barely misses you.
The endoplasm closely misses you. The goblin hits you with a +0 club.
You hit the endoplasm. You headbutt the endoplasm.
You kill the endoplasm!
You hit the adder skeleton. You closely miss the goblin.
The adder skeleton bites you. The goblin closely misses you.
The hobgoblin completely misses you. The adder skeleton barely misses you.
Found a stone staircase leading up.
The ball python closely misses you. x2
The kobold hits you with a +0 dagger. The ball python barely misses you. x2
There is a stone staircase leading up here.
The ball python bites you. The ball python grabs you.
You stop ascending the stairs.
The ball python constricts you.
* * * LOW HITPOINT WARNING * * *
The goblin hits you with a +0 club.
* * * LOW HITPOINT WARNING * * *
The hobgoblin hits you.
* * * LOW HITPOINT WARNING * * *
The ball python barely misses you. The ball python constricts you.
You escape the ball python's grasp.
The goblin hits you with a +0 club.
* * * LOW HITPOINT WARNING * * *
The hobgoblin barely misses you. You furiously retaliate!
You headbutt the hobgoblin.
You kill the hobgoblin!
You climb upwards.
The ball python hisses angrily.
Found three items.
Found an escape hatch in the floor.
Found a stone staircase leading up.
There is a stone staircase leading down here.
As you read the scroll of fog, it crumbles to dust.
The scroll dissolves into smoke.
The ball python bites you.
You die...

.. #..........
... ..$.. ....
#... ........#
..?# ...#..###
#.<#.........
####..#.....|..
......§S§§.....
......S@§......
......§§g§.....
......§§...>...
...............
...............
.......#..#....
..##.#. #......
## #.## ##....


You could see a goblin and 2 ball pythons.

Vanquished Creatures
  An endoplasm (D:4)
  A hobgoblin (D:4)
2 creatures vanquished.

Notes
Turn   | Place    | Note
-------+----------+-------------------------------------------
     0 | D:5      | cbfl8 the Minotaur Delver began the quest for the Orb.
     0 | D:5      | Reached XP level 1. HP: 19/19 MP: 0/0
    15 | D:5      | Noticed a scorpion
    66 | D:4      | Noticed an ogre
    82 | D:3      | Slain by a ball python

Illustrated notes

Levels and vault maps discovered:
D:3:      layout_rooms, kennysheep_generic_room_9
D:4:      layout_cave_pools, minitemple, nrook_mini_backslash,
          hangedman_abyss_or_decor_jellyfish_corner
D:5:      layout_loops_ring, minmay_temple_entry_gardened_gates

Action                   || total
-------------------------++-------
Melee: Hand axe          ||     1
       Headbutt          ||     1
  Use: Scroll            ||     1
Armor: Leather armour    ||     1
Dodge: Dodged            ||    11
